Map: Oxide LE

Players

SkinMilk

  • Race: Zerg Zerg
  • League: Diamond

ViBE - Winner!

  • Race: Zerg Zerg
  • League: Master

VOD

Have the link to the VOD?

Description

Time

  • Played on: May 5, 2021, 8:50 p.m.
  • Length: 10:50
Show
View Real Time Build Order
Export as new Build Order

SkinMilk Zerg 

Build Orders: Hatch First 

Get SALT Encoding   

  12  0:00  Drone  
  13  0:12  Overlord  
  13  0:17  Drone  
  14  0:30  Drone x2  
  16  0:50  Hatchery  
  16  0:52  Drone  
  16  0:55  Drone  
  17  0:59  Drone  
  18  1:09  Extractor  
  17  1:14  Spawning Pool  
  16  1:21  Drone x2  
  18  1:28  Drone  
  19  1:39  Drone  
  20  1:49  Drone  
  21  2:00  Overlord  
  21  2:02  Queen  
  21  2:03  Queen  
  21  2:04  Zergling x2  
  26  2:13  Drone x2  
  28  2:16  Metabolic Boost  
  28  2:23  Drone  
  28  2:24  Drone  
  30  2:36  Drone  
  31  2:37  Hatchery  
  31  2:38  Drone  
  31  2:43  Drone  
  32  2:51  Baneling Nest  
  31  2:53  Zergling x2  
  31  2:58  Zergling x2  
  31  2:59  Zergling x2  
  31  3:04  Overlord  
  33  3:11  Queen  
  35  3:16  Drone  
  36  3:23  Drone x3  
  36  3:24  Drone x3, Evolution Chamber  
  36  3:25  Drone  
  42  3:31  Drone  
  43  3:35  Drone  
  44  3:49  Drone x3  
  44  3:50  Zerg Missile Weapons Level 1  
  47  3:55  Extractor  
  47  3:59  Extractor  
  47  4:00  Drone x2  
  47  4:04  Overlord x2  
  47  4:07  Roach Warren  
  46  4:13  Drone x3  
  46  4:17  Overlord x2  
  49  4:23  Drone x3  
  52  4:27  Lair  
  52  4:41  Drone x9  
  52  4:43  Extractor  
  60  4:46  Drone  
  60  4:52  Drone x4  
  65  4:53  Drone x3  
  67  5:09  Overlord  
  67  5:10  Extractor, Overlord  
  67  5:11  Roach x4  
  74  5:15  Evolution Chamber  
  74  5:21  Queen  
  73  5:24  Glial Reconstitution  
  75  5:30  Roach x8  
  75  5:35  Overlord x2  
  90  5:44  Zerg Ground Armor Level 1, Zerg Missile Weapons Level 2  
  90  5:46  Overlord  
  90  5:47  Roach  
  92  5:57  Roach  
  92  5:58  Roach x5  
  104  6:05  Extractor  
  104  6:14  Roach x8  
  104  6:16  Overlord  
  104  6:17  Overlord  
  120  6:34  Hatchery, Spire  
  120  6:40  Roach x2  
  120  6:41  Roach x3  
  128  6:50  Extractor  
  122  7:05  Roach x11  
  130  7:14  Roach  
  130  7:15  Roach x5  
  126  7:20  Roach x3  
  124  7:29  Roach  
  128  7:30  Roach x4  
  128  7:32  Overlord  
  134  7:40  Drone x4  
  138  7:45  Overlord x2  
  138  7:49  Mutalisk x2  
  138  7:50  Mutalisk  
  144  7:53  Mutalisk  
  146  8:04  Drone x3  
  133  8:27  Mutalisk x3  
  133  8:29  Drone x4  
  133  8:30  Drone x4  
  115  8:59  Roach x2  
  115  9:00  Roach x14  
  147  9:09  Burrow  
  145  9:20  Roach x7  
  159  9:30  Extractor  
  146  9:35  Roach x3  
  146  9:36  Roach x4  
  160  9:42  Infestation Pit  
  160  9:43  Hydralisk Den, Overlord x2  
  160  9:44  Overlord  
  160  9:45  Roach  
  142  9:53  Roach x4  
  142  9:54  Roach x4  
  142  9:58  Roach x4  
  144  10:05  Roach  
  144  10:09  Roach x3  
  150  10:14  Roach x5  
  150  10:15  Roach  
  152  10:23  Roach x3  
  152  10:26  Roach  
  129  10:31  Roach  
Show
View Real Time Build Order
Export as new Build Order

ViBE Zerg - Winner!

Build Orders: Hatch First, Roach Hydra 

Get SALT Encoding   

  12  0:03  Drone  
  13  0:13  Overlord  
  13  0:21  Drone  
  14  0:32  Drone x2  
  16  0:51  Hatchery  
  16  0:54  Drone  
  16  0:55  Drone  
  17  1:01  Drone  
  18  1:09  Extractor  
  17  1:18  Spawning Pool  
  17  1:19  Drone  
  17  1:20  Drone  
  18  1:41  Drone  
  19  2:02  Overlord  
  19  2:04  Drone x3  
  19  2:05  Queen x2  
  26  2:18  Metabolic Boost  
  26  2:23  Zergling x4  
  26  2:26  Drone x2  
  30  2:38  Hatchery  
  29  2:44  Drone x2  
  29  2:51  Drone x2  
  32  2:56  Queen  
  35  2:59  Overlord  
  35  3:04  Overlord  
  35  3:16  Baneling Nest  
  34  3:20  Drone x5  
  39  3:30  Overlord  
  39  3:38  Zergling x6  
  42  3:53  Drone  
  42  3:54  Drone x8  
  50  3:59  Baneling x2  
  50  4:04  Drone x3  
  53  4:10  Roach Warren  
  53  4:14  Drone x3, Evolution Chamber  
  53  4:15  Extractor  
  53  4:16  Extractor  
  52  4:17  Lair  
  52  4:20  Drone x3  
  55  4:26  Drone x3  
  55  4:27  Drone  
  55  4:30  Drone  
  55  4:31  Drone  
  60  4:46  Zerg Missile Weapons Level 1  
  60  4:50  Drone x4, Overlord  
  60  4:51  Overlord x2  
  64  5:04  Drone  
  64  5:05  Drone, Overlord x2  
  64  5:06  Overlord  
  66  5:10  Roach x4  
  73  5:26  Extractor  
  73  5:27  Extractor x2  
  73  5:28  Drone x4  
  74  5:30  Drone x2  
  74  5:31  Drone x2  
  74  5:32  Drone x3  
  81  5:36  Glial Reconstitution  
  80  5:43  Drone  
  80  5:46  Evolution Chamber  
  80  5:49  Drone  
  81  5:50  Overlord x3  
  81  5:51  Drone  
  81  5:54  Roach  
  81  5:55  Roach x7  
  98  5:57  Overseer  
  98  6:02  Overseer  
  98  6:07  Hatchery  
  97  6:11  Roach  
  97  6:12  Roach x4  
  97  6:15  Zerg Ground Armor Level 1  
  97  6:18  Roach x2  
  111  6:21  Drone, Hydralisk Den  
  111  6:31  Roach  
  111  6:32  Roach x2  
  119  6:40  Roach x2  
  119  6:44  Roach x5  
  119  6:45  Overlord x2  
  133  6:47  Roach x3  
  133  6:50  Zerg Missile Weapons Level 2  
  137  7:03  Roach  
  137  7:04  Roach x4  
  129  7:10  Roach  
  129  7:11  Roach x2  
  123  7:15  Roach  
  123  7:16  Roach x8  
  123  7:18  Grooved Spines  
  137  7:25  Baneling x2  
  137  7:40  Overlord x2  
  137  7:41  Overlord  
  137  7:44  Roach  
  137  7:45  Roach x10  
  159  7:58  Overlord  
  159  7:59  Overlord x3  
  159  8:00  Roach x2  
  159  8:01  Roach x3  
  169  8:12  Roach x2  
  172  8:13  Roach x2  
  172  8:14  Overlord  
  176  8:25  Roach x3  
  176  8:26  Roach  
  170  8:29  Muscular Augments  
  170  8:32  Roach x3  
  158  8:40  Hydralisk  
  158  8:41  Hydralisk x2  
  158  8:43  Spore Crawler  
  158  8:44  Spore Crawler  
  158  8:45  Spore Crawler  
  158  8:48  Hydralisk x6  
  159  8:49  Spore Crawler  
  170  8:59  Drone x4  
  174  9:03  Drone x3  
  174  9:05  Drone  
  174  9:06  Drone  
  174  9:09  Overseer  
  179  9:13  Hydralisk x2  
  177  9:24  Hydralisk x5  
  183  9:36  Drone  
  184  9:43  Drone, Infestation Pit  
  184  9:46  Hydralisk x8  
  188  9:59  Roach x9  
  194  10:08  Roach x3  
  182  10:30  Roach x9  
Tags
 
Composition
Roach Hydra
Matchup
ZvZ
Player
ViBE
Race
Zerg
Replay Pack
Diamond_Zerg
Add a new tag
Caveats
  • Supply blocks, unpowered buildings, or Contaminate may cause inaccurate times.
  • Supply counts are checked every 10 seconds.